 Dungeon Crawl Stone Soup version 0.19.1 (webtiles) character file.

178 Pytinka the Chopper (level 5, -1/46 HPs)
             Began as a Draconian Chaos Knight on Dec 23, 2016.
             Slain by an ogre
             ... wielding a cursed +0 giant club
              (21 damage)
             ... on level 4 of the Dungeon.
             The game lasted 00:08:34 (2917 turns).

Pytinka the Chopper (Draconian Chaos Knight)        Turns: 2917, Time: 00:08:34

Health: -1/46      AC:  8    Str: 16 (17) XL:     5   Next: 32%
Magic:  5/5        EV: 12    Int: 10 (13) God:    Xom [....*.]
Gold:   202        SH:  0    Dex:  7 (10) Spells: 0 memorised, 4 levels left

rFire  . . .     SeeInvis .     a - +0 hand axe (chaos)
rCold  . . .     Gourm    .     (armour unavailable)
rNeg   . . .     Faith    .     (no shield)
rPois  +         Spirit   .     (helmet restricted)
rElec  .         Reflect  .     (no cloak)
rCorr  .         Harm     .     (no gloves)
MR     .....                    (no boots)
Stlth  +.........               (no amulet)
                                k - +2 ring of strength
                                g - +3 ring of protection

@: no status effects
A: unfitting armour, poison resistance, screaming 1, evolution 1, cold-blooded,
AC +5
a: Renounce Religion


You were on level 4 of the Dungeon.
You worshipped Xom.
You were a beloved toy of Xom.
You were hungry.

You visited 1 branch of the dungeon, and saw 4 of its levels.

You collected 202 gold pieces.

Inventory:

Hand Weapons
 a - a +0 hand axe of chaos (weapon)
Jewellery
 e - an uncursed ring of protection from cold
 g - a +3 ring of protection (left hand)
 k - a +2 ring of strength (right hand)
 s - an uncursed ring of protection from fire
Scrolls
 d - a scroll of identify
 l - a scroll of recharging
 r - 2 scrolls of enchant armour
Potions
 c - 3 potions of brilliance
 h - 2 potions of resistance
 j - a potion of might
Books
 n - a book of Cantrips

   Spells                             Type                      Level
   a - Confusing Touch                Hexes                        1
   b - Animate Skeleton               Necromancy                   1
   c - Summon Small Mammal            Summoning                    1
   d - Apportation                    Translocation                1
Comestibles
 b - 3 bread rations
 f - 4 meat rations
 i - 5 fruits
 m - a royal jelly


   Skills:
 + Level 4.2 Fighting
 + Level 4.7 Axes
 + Level 2.9 Dodging
 + Level 1.4 Stealth


You had 4 spell levels left.
You didn't know any spells.

Dungeon Overview and Level Annotations

Branches:
Dungeon (4/15)
 Temple: D:4-7

Altars:


Innate Abilities, Weirdness & Mutations

Your plain brown scales are hard. (AC +5)
You cannot fit into any form of body armour.
You are cold-blooded and may be slowed by cold attacks.
Your system is resistant to poisons. (rPois)
You occasionally shout uncontrollably at your foes.
You evolve.


Message History

Welcome back, Pytinka the Draconian Chaos Knight.
Xom snickers.
Press ? for a list of commands and other information.
Welcome back, Pytinka the Draconian Chaos Knight.
Xom titters.
Press ? for a list of commands and other information.
Xom smirks.
You feel aware of your surroundings.
You are now a beloved toy of Xom.
The ogre hits you with a giant club!!
You barely miss the ogre. You tail-slap the ogre.
The ogre is lightly wounded.
You closely miss the ogre.
The ogre is lightly wounded.
The ogre hits you with a giant club.
You slash the ogre!
The ogre is moderately wounded.
The ogre hits you with a giant club!!
You die...
Xom chuckles heartily!

*** ....h* ,....
,... * *.. *#.##
#..#
#######.#########
*
.........@O......
########.##..$...
, #..#.#####
##.#.#
#.^.#######.
##..........
#..#######.
##.#### #....#


You could see an ogre.

Vanquished Creatures
  A worker ant (D:4)
  6 adders
  An ooze (D:3)
  A worm (D:2)
  A dart slug (D:3)
  A leopard gecko (D:2)
  A ball python (D:1)
  7 bats
  5 giant cockroaches
  12 goblins
  6 hobgoblins
  3 jackals (D:2)
  A quokka (D:4)
  2 frilled lizards
  5 kobolds
  5 rats
58 creatures vanquished.

Vanquished Creatures (collateral kills)
  The ghost of Faustar the Poker, a weakling MfSk (D:3)
1 creature vanquished.

Grand Total: 59 creatures vanquished

Notes
Turn   | Place    | Note
-------+----------+-------------------------------------------
     0 | D:1      | Pytinka the Draconian Chaos Knight began the quest for the Orb.
     0 | D:1      | Reached XP level 1. HP: 19/19 MP: 1/1
   207 | D:1      | Reached XP level 2. HP: 26/26 MP: 2/2
   287 | D:1      | XOM: mild Tloc miscast
   501 | D:1      | XOM: harmless Air miscast
   526 | D:1      | XOM: silly message
   559 | D:1      | XOM: mild Conj miscast
   755 | D:2      | Reached XP level 3. HP: 32/33 MP: 3/3
  1585 | D:3      | Reached XP level 4. HP: 38/40 MP: 4/4
  1934 | D:3      | Noticed Faustar's ghost (weakling MfSk)
  1936 | D:3      | XOM: noise
  1938 | D:3      | XOM: harmless Conj miscast
  1953 | D:3      | XOM: cast spell 'Summon Hydra'
  1957 | D:3      | Killed Faustar's ghost
  1957 | D:3      | Reached skill level 1 in Stealth
  2024 | D:3      | XOM: harmless Conj miscast
  2320 | D:3      | Gained mutation: Your system is resistant to poisons. (rPois) [potion of mutation]
  2320 | D:3      | Gained mutation: You occasionally shout uncontrollably at your foes. [potion of mutation]
  2320 | D:3      | Gained mutation: You evolve. [potion of mutation]
  2354 | D:3      | XOM: cloud trail
  2475 | D:3      | XOM: summons 1 hostile shadow creature
  2586 | D:3      | Reached XP level 5. HP: 43/46 MP: 5/5
  2912 | D:4      | Noticed an ogre
  2914 | D:4      | XOM: divination: magic mapping
  2917 | D:4      | Slain by an ogre

Skill      XL: |  1  2  3  4 |
---------------+-------------+-----
Axes           | 4 |  4.7
Fighting       | 4 |  4.2
Stealth        | 1 |  1.4
Dodging        | |  2.9

Action                   |  1- 3 |  4- 6 || total
-------------------------+-------+-------++-------
Melee: Hand axe          |   105 |    83 ||   188
       Tailslap          |    12 |     7 ||    19
  Use: Scroll            |     3 |     8 ||    11
       Potion            |       |     5 ||     5
 Stab: Sleeping          |     3 |       ||     3
       Paralysed         |       |     1 ||     1
  Eat: Pizza             |     1 |       ||     1
       Chunk             |       |     4 ||     4
Armor: Skin              |    38 |    28 ||    66
Dodge: Dodged            |    60 |    59 ||   119
